 Dungeon Crawl Stone Soup version 0.32-a0-913-g739538afd8 (webtiles) character file.

Game seed: 16950116994525050692

2 Sabo the Charlatan (level 1, -2/15 HPs)
             Began as a Demonspawn Artificer on Apr 7, 2024.
             Slain by a kobold
             ... wielding a +2 short sword of freezing
              (4 damage)
             ... on level 1 of the Dungeon.
             The game lasted 00:00:16 (64 turns).

Sabo the Charlatan (Demonspawn Artificer)             Turns: 64, Time: 00:00:16

Health: -2/15      AC:  3    Str: 12    XL:     1   Next: 25%
Magic:  1/1        EV: 10    Int: 11    God:
Gold:   0          SH:  0    Dex: 13    Spells: 0/0 levels left

rFire   . . .        a - +0 club
rCold   . . .        (no shield)
rNeg    . . .        b - +0 leather armour
rPois   .            (no helmet)
rElec   .            (no cloak)
rCorr   .            (no gloves)
SInv    .            (no boots)
Will    .....        (no amulet)
Stlth   +            (no ring)
HPRegen 0.22/turn    (no ring)
MPRegen 0.07/turn

%: no passive effects
@: no status effects
A: no striking features
a: no special abilities


You were on level 1 of the Dungeon.
You visited 1 branch of the dungeon, and saw 1 of its levels.

Inventory:

Hand Weapons
 a - a +0 club (weapon)
Armour
 b - a +0 leather armour (worn)
Wands
 c - a wand of flame (15) (quivered)
 d - a wand of charming (15)
 e - a wand of iceblast (5)
Potions
 f - 2 potions of berserk rage {unknown}


   Skills:
 + Level 1.0 Fighting
 + Level 1.7 Armour
 + Level 0.8 Dodging
 + Level 0.8 Stealth
 + Level 3.1 Evocations


You couldn't memorise any spells.
You didn't know any spells.
Your spell library was empty.

Dungeon Overview and Level Annotations

Branches:
Dungeon (1/15)

Altars:

Annotations:
D:1 1 runed translucent door


Message History

A bat comes into view.
f - 2 purple potions The bat hits you.
The bat closely misses you.
You hit the bat.
You kill the bat!
A ball python comes into view.
You closely miss the ball python. The ball python closely misses you.
The ball python misses you.
You hit the ball python but do no damage.
The ball python bites you but does no damage.
The ball python grabs you. The ball python constricts you.
The ball python completely misses you. The ball python constricts you.
You closely miss the ball python. The ball python bites you.
The ball python constricts you.
You hit the ball python.
The ball python is severely wounded.
The ball python bites you but does no damage.
The ball python constricts you. The ball python bites you.
The ball python constricts you.
You hit the ball python.
You kill the ball python!
Found a scroll labelled VAYDOO EXOCKID.
You start resting.
HP restored.
A kobold comes into view.
It is wielding a +2 short sword of freezing.
The kobold shouts!
Found a dagger.
You barely miss the kobold.
The kobold hits you with a +2 short sword of freezing.
The kobold freezes you.
The kobold hits you with a +2 short sword of freezing.
The kobold freezes you.
You closely miss the kobold.
The kobold hits you with a +2 short sword of freezing.
* * * LOW HITPOINT WARNING * * *
The kobold freezes you.
* * * LOW HITPOINT WARNING * * *
You barely miss the kobold.
The kobold hits you with a +2 short sword of freezing.
You die...

#. .# . #.
#.##...#### .
... .....
##..........
####..#.#......
.....?#.#......
####..K@.......
...............
#######.#......
#.#...... #.#
....) #.# ###.#
#.# . #.# #.#


You could see a kobold.

Vanquished Creatures
  A bat (D:1)
  A ball python (D:1)
2 creatures vanquished.

Notes
Turn   | Place    | Note
-------+----------+-------------------------------------------
     0 | D:1      | Sabo the Demonspawn Artificer began the quest for the Orb.
     0 | D:1      | Reached XP level 1. HP: 15/15 MP: 1/1
     1 | D:1      | Found a runed translucent door.
     5 | D:1      | Noticed a jelly
    64 | D:1      | Slain by a kobold

Illustrated notes

Levels and vault maps discovered:
D:1:      dpeg_arrival_caged_fury, layout_loops_ring, roderic_three_in_a_row

Action                     || total
---------------------------++-------
  Melee: Club              ||     9
 Armour: Leather armour    ||    14
  Dodge: Dodged            ||     4

Table legend: (Time is in decaauts)
 A = Elapsed time spent in this place.
 B = Non-inter-level travel time spent in this place.
 C = Inter-level travel time spent in this place.
 D = Time resting spent in this place.
 E = Time spent auto-exploring this place.
 F = Levels seen in this place.
 G = Mean time per level.
                   A        B        C        D        E       F      G
               +--------+--------+--------+--------+--------+-----+--------+
         Total |     66 |     66 |      0 |     18 |      0 |   1 |   66.0 |
       Dungeon |     66 |     66 |      0 |     18 |      0 |   1 |   66.0 |
               +--------+--------+--------+--------+--------+-----+--------+

Top non-repeatable levels by time:
     D:1: 66 daAuts
